 Dungeon Sprint DCSS version 0.27-a0-1217-g8a41f320e8 (webtiles) character file.

Game seed: 2106412572450033494

95 mhtbhm the Chopper (level 4, -11/70 HPs)
             Began as a Minotaur Berserker on June 5, 2021.
             Was a Believer of Trog.
             Killed from afar by an oklob sapling (13 damage)
             ... with a splash of acid
             ... in the Dungeon (Sprint IV: "Fedhas' Mad Dash").
             The game lasted 00:00:47 (467 turns).

mhtbhm the Chopper (Minotaur Berserker)              Turns: 467, Time: 00:00:48

Health: -11/70     AC: -5    Str: 23    XL:     4   Next: 40%
Magic:  3/3        EV: 12    Int:  4    God:    Trog [**....]
Gold:   81         SH:  0    Dex:  9    Spells: 3/3 levels left

rFire    . . .     SeeInvis .   a - +0 hand axe
rCold    . . .     Faith    .   (no shield)
rNeg     . . .     Spirit   .   b - +0 animal skin
rPois    .         Reflect  .   (helmet restricted)
rElec    .         Harm     .   (no cloak)
rCorr    .         Rampage  .   (no gloves)
Will     .....     NoTele   +   (no boots)
Stlth    ..........             (no amulet)
HPRegen  0.21/turn              (no ring)
MPRegen  0.08/turn              (no ring)

@: berserking, corroded, very quick
A: horns 2, retaliatory headbutt
a: Renounce Religion, Berserk, Trog's Hand


You were in the Dungeon.
You worshipped Trog.
Trog was pleased with you.
You visited 1 branch You collected 81 gold pieces.

Inventory:

Hand Weapons
 a - a +0 hand axe (weapon)
Armour
 b - a +0 animal skin (worn)
Jewellery
 j - the amulet of invisibility {+Inv}
   (You found it in the Dungeon)

   [amulet of nothing]

   It lets you turn invisible.
Scrolls
 h - a scroll of blinking
 i - a scroll of enchant weapon {unknown}
Potions
 c - a potion of curing
 d - a potion of heal wounds
 e - a potion of haste
 f - 2 potions of magic
 g - a potion of berserk rage


   Skills:
 + Level 7.3 Fighting
 + Level 7.7 Axes
 + Level 4.1 Armour
 + Level 3.8 Dodging


You had 3 spell levels left.
You didn't know any spells.
Your spell library was empty.

Dungeon Overview and Level Annotations

Branches:
Dungeon (1/1)

Altars:

Annotations:
D exclusion: oklob sapling


Innate Abilities, Weirdness & Mutations

You have a pair of horns on your head.
You reflexively headbutt those who attack you in melee.


Message History

Trog accepts your kill.
Your Fighting skill gained 2 levels and is now at level 7!
Your Axes skill increases to level 7!
Your Armour skill increases to level 4!
You have reached level 4!
You feel stronger.
Unknown command.
You now have 26 gold pieces (gained 12).
You feel a strong urge to attack something.
You now have 39 gold pieces (gained 13).
You are no longer berserk.
You are exhausted.
You feel yourself slow down.
You now have 53 gold pieces (gained 14).
You now have 66 gold pieces (gained 13).
You start resting.
You feel yourself speed up.
You start resting.
You recover from your berserk rage.
i - a scroll labelled AXTALU SOADD
j - the amulet of invisibility {+Inv} You now have 81 gold pieces (gained 15).
You start resting.
HP restored.
You start waiting.
Done waiting.
You open the door.
An oklob sapling comes into view.
The oklob sapling spits acid at you. The splash of acid hits you!
The acid corrodes you!
You are splashed with acid!
Marking area around an oklob sapling as unsafe for travelling.
Found 18 gold pieces.
The oklob sapling spits acid at you. The splash of acid hits you!
The acid corrodes you!
You are splashed with acid!
* * * LOW HITPOINT WARNING * * *
There is an open door here.
A red film seems to cover your vision as you go berserk!
You feel yourself moving faster!
You feel mighty! The oklob sapling spits acid at you.
The splash of acid hits you!
You die...

##################
#<...#.....#.....#
#PP..'รท....'.#...+
#PPP.#.....#.#...#
###############@##
+...# #$P$# #####


You could see an oklob sapling.

Vanquished Creatures
  A scorpion (D)
  An oklob sapling (D)
  A river rat (D)
  A rat (D)
4 creatures vanquished.

Vanquished Creatures (others)
  2 fungi (D)
2 creatures vanquished.

Grand Total: 6 creatures vanquished

Notes
Turn   | Place    | Note
-------+----------+-------------------------------------------
     0 | D        | mhtbhm the Minotaur Berserker began the quest for the Orb.
     0 | D        | Reached XP level 1. HP: 19/19 MP: 0/0
     8 | D        | Reached XP level 2. HP: 28/28 MP: 1/1
   156 | D        | Noticed an oklob sapling
   157 | D        | Killed an oklob sapling
   157 | D        | Reached ** piety under Trog
   158 | D        | Reached skill level 5 in Fighting
   158 | D        | Reached XP level 3. HP: 37/37 MP: 2/2
   305 | D        | Noticed a scorpion
   306 | D        | Found the amulet of invisibility {+Inv}
   309 | D        | Killed a scorpion
   310 | D        | Reached XP level 4. HP: 47/47 MP: 3/3
   466 | D        | HP: 1/47 [acid (16)]
   467 | D        | Killed from afar by an oklob sapling

Illustrated notes

Levels and vault maps discovered:
D:        dungeon_sprint_fedhas [sprint_temple]

Skill      XL: |  1  2  3 |
---------------+----------+-----
Fighting       | 4 5 7 |  7.3
Axes           | 4 6 7 |  7.7
Armour         | 3 4 |  4.1
Dodging        | 3 |  3.8

Action                   |  1- 3 |  4- 6 || total
-------------------------+-------+-------++-------
Melee: Hand axe          |     7 |       ||     7
       Headbutt          |     1 |       ||     1
Invok: Berserk           |     3 |     1 ||     4
Dodge: Dodged            |     1 |       ||     1

Table legend: (Time is in decaauts)
 A = Elapsed time spent in this place.
 B = Non-inter-level travel time spent in this place.
 C = Inter-level travel time spent in this place.
 D = Time resting spent in this place.
 E = Time spent auto-exploring this place.
 F = Levels seen in this place.
 G = Mean time per level.
                   A        B        C        D        E       F      G
               +--------+--------+--------+--------+--------+-----+--------+
         Total |    496 |    496 |      0 |    446 |      3 |   1 |  496.0 |
       Dungeon |    496 |    496 |      0 |    446 |      3 |   1 |  496.0 |
               +--------+--------+--------+--------+--------+-----+--------+

Top non-repeatable levels by time:
       D: 496 daAuts
